 Dungeon Crawl Stone Soup version 0.19.1 (webtiles) character file.

19966 kae the Basher (level 13, -1/104 HPs)
             Began as a Formicid Fighter on Nov 25, 2016.
             Was a High Priest of Okawaru.
             Killed from afar by a frost giant (48 damage)
             ... with a bolt of cold
             ... on level 11 of the Dungeon.
             The game lasted 00:19:12 (11551 turns).

kae the Basher (Formicid Fighter)                  Turns: 11551, Time: 00:19:13

Health: -1/104     AC: 21    Str: 26    XL:     13   Next: 8%
Magic:  17/19      EV: 15    Int:  8    God:    Okawaru [*****.]
Gold:   509        SH: 11    Dex: 10    Spells: 0 memorised, 12 levels left

rFire  . . .     SeeInvis +     J - +1 morningstar (protect)
rCold  . . .     Gourm    .     b - +1 scale mail
rNeg   . . .     Faith    .     c - +0 shield
rPois  .         Spirit   .     (helmet unavailable)
rElec  .         Reflect  .     j - +0 cloak
rCorr  .         Harm     .     (no gloves)
MR     +....                    (no boots)
Stlth  +.........               (no amulet)
                                E - +2 ring of protection
                                z - ring of flight

@: heroism, protection aura
A: permanent stasis, dig shafts and tunnels, four strong arms, antennae 3,
regeneration 1
a: Dig, Shaft Self, Heroism, Finesse, Renounce Religion, Evoke Flight


You were on level 11 of the Dungeon.
You worshipped Okawaru.
Okawaru was extremely pleased with you.
You were hungry.

You visited 2 branches of the dungeon, and saw 15 of its levels.

You collected 509 gold pieces.

Inventory:

Hand Weapons
 a - a +1 flail
 F - a +2 antimagic mace
 J - a +1 morningstar of protection (weapon)
Armour
 b - a +1 scale mail (worn)
 c - a +0 shield (worn)
 j - a +0 cloak (worn)
Jewellery
 v - a +4 ring of intelligence
 z - a ring of flight (left hand)
 E - a +2 ring of protection (right hand)
Wands
 e - a wand of digging (8/24)
 i - a wand of polymorph (9/24)
 l - a wand of teleportation (4/9)
 o - a wand of iceblast (4/15)
 t - a wand of teleportation (6/9)
 I - a wand of acid (7/15)
 N - a wand of lightning (10/15)
Scrolls
 u - 3 scrolls of enchant armour
 y - 2 scrolls of enchant weapon
 A - a scroll of fear
 B - a scroll of identify
 D - 6 scrolls of remove curse
Potions
 d - 2 potions of might
 g - 2 potions of brilliance {unknown}
 h - 4 potions of mutation
 n - a potion of ambrosia
 p - 2 potions of lignification
 r - 2 potions of cure mutation
 s - 2 potions of flight
 x - 2 potions of agility
 L - 2 potions of degeneration {unknown}
 M - a potion of curing
Books
 k - a Young Poisoner's Handbook

   Spells                             Type                      Level
   a - Sting                          Conjuration/Poison           1
   b - Mephitic Cloud                 Conjuration/Poison/Air       3
   c - Olgreb's Toxic Radiance        Poison                       4
   d - Alistair's Intoxication        Transmutation/Poison         5
   e - Venom Bolt                     Conjuration/Poison           5
 C - a book of Misfortune

   Spells                             Type                      Level
   a - Confusing Touch                Hexes                        1
   b - Confuse                        Hexes                        3
   c - Gell's Gravitas                Hexes/Translocation          3
   d - Petrify                        Transmutation/Earth          4
   e - Metabolic Englaciation         Hexes/Ice                    5
   f - Yara's Violent Unravelling     Hexes/Transmutation          5
 H - Sif Muna's Collected Works on Flight
   (You found it on level 8 of the Dungeon)

   Spells                             Type                      Level
   a - Shock                          Conjuration/Air              1
Comestibles
 f - 7 bread rations
 m - 5 fruits
 q - 2 royal jellies
 w - 8 meat rations
 G - a beef jerky


   Skills:
 * Level 10.5(15.5) Fighting
 - Level 14.0(19.0) Maces & Flails
 + Level 7.8(12.8) Armour
 + Level 5.5(10.5) Dodging
 - Level 3.6(8.6) Shields
 - Level 8.6 Invocations
 - Level 3.2 Evocations


You had 12 spell levels left.
You didn't know any spells.

Dungeon Overview and Level Annotations

Branches:
Dungeon (14/15)            Temple (1/1) D:6            Lair (0/6) D:11
    Orc (0/2) D:10
 Vaults: D:13-14

Altars:
Ashenzari
Cheibriados
Dithmenos
Elyvilon
Fedhas
Gozag
Hepliaklqana
Kikubaaqudgha
Makhleb
Nemelex Xobeh
Okawaru
Qazlal
Ru
Sif Muna
Trog
Uskayaw
Vehumet
Xom
Yredelemnul
Zin
The Shining One
Beogh
Lugonu

Shops:
D:5 (   D:10 (

Annotations:
D:9 exclusions: ice statue and orange crystal statue


Innate Abilities, Weirdness & Mutations

You are under a permanent stasis effect.
You can dig through walls and to a lower floor.
Your four strong arms can wield two-handed weapons with a shield.
You have a pair of large antennae on your head. (SInv)
Your natural rate of healing is unusually fast.


Message History

The frost giant is lightly wounded.
The frost giant gestures at you while chanting.
The bolt of cold hits you!
Ouch! That really hurt!
You puncture the frost giant!
The frost giant is moderately wounded.
The frost giant points at you and mumbles some strange words.
The bolt of cold misses you.
You sock the frost giant!
The frost giant is moderately wounded.
You hit the frost giant but do no damage.
The frost giant is moderately wounded.
You block the frost giant's attack.
You hit the frost giant but do no damage.
The frost giant is moderately wounded.
You sock the frost giant!
The frost giant is heavily wounded.
The frost giant points at you and mumbles some strange words.
The bolt of cold hits you!
You die...

#..........#.###
####..........#.#..
#.##..........#.#.#
#.##..........#....
#.##########.####.#
####.# #.#....# #.#..#
##.#.#...
##.#.#########....#.#.
###.@##..........#.#.
#####C##..#####...<#.#.
#.......).)............
#.#####.#########.#####
#..{......# #)# ###
#.#######.# #)#..##
#....## { #.##### {
.......


You could see a frost giant.

Vanquished Creatures
  An ettin (D:10)
  Erolcha (D:9)
  A hydra (D:11)
  The ghost of Azzok the Fighter, a journeyman GrBe of Trog (D:11)
  A death knight (D:11)
  A death yak (D:11)
  A deep troll earth mage (D:11)
  A hill giant (D:10)
  4 ugly things
  A cyclops (D:11)
  A manticore (D:13)
  Joseph (D:9)
  3 gargoyles
  4 trolls
  A two-headed ogre (D:13)
  Prince Ribbit (D:8)
  A shadow (D:11)
  Sigmund (D:2)
  3 vampires
  4 wraiths
  5 yaks (D:11)
  2 hungry ghosts
  Grum (D:8)
  2 porcupines (D:11)
  4 orc warriors
  A hornet zombie (D:6)
  An ice beast (D:5)
  A sky beast (D:8)
  3 wolves (D:8)
  3 phantoms
  A necrophage (D:9)
  5 ogres
  12 centaurs
  A big kobold (shapeshifter) (D:11)
  13 bullfrogs
  A wyvern zombie (D:11)
  2 wyvern skeletons (D:11)
  A water moccasin skeleton (D:5)
  3 scorpions
  2 killer bees (D:11)
  6 wights
  2 howler monkeys
  8 crimson imps
  4 centaur zombies
  A bullfrog zombie (D:5)
  5 jellies
  5 hounds
  4 bullfrog skeletons
  10 orc priests
  A gnoll shaman (D:5)
  17 orc wizards
  2 centaur skeletons
  An iguana (D:5)
  7 worker ants
  Ijyb (D:2)
  A killer bee zombie (D:8)
  A hound skeleton (D:11)
  9 gnolls
  A howler monkey skeleton (D:6)
  A river rat (D:11)
  12 adders
  2 shadow imps
  2 oozes (D:1)
  An adder zombie (D:8)
  2 worms
  7 leopard geckos
  34 orcs
  A ball python (D:1)
  5 giant cockroaches
  9 goblins
  3 hobgoblins
  7 jackals
  6 kobolds
  8 quokkas
  5 bats
  5 frilled lizards
  A jackal zombie (D:6)
  A leopard gecko zombie (D:7)
  A quokka zombie (D:8)
  10 rats
306 creatures vanquished.

Vanquished Creatures (others)
  An orc wizard (D:7)
1 creature vanquished.

Grand Total: 307 creatures vanquished

Notes
Turn   | Place    | Note
-------+----------+-------------------------------------------
     0 | D:1      | kae the Formicid Fighter began the quest for the Orb.
     0 | D:1      | Reached XP level 1. HP: 18/18 MP: 1/1
    39 | D:1      | Reached XP level 2. HP: 20/24 MP: 2/2
    54 | D:1      | Reached skill level 3 in Maces & Flails
   251 | D:1      | Reached XP level 3. HP: 27/29 MP: 3/3
   866 | D:2      | Reached skill level 4 in Maces & Flails
   866 | D:2      | Reached XP level 4. HP: 8/35 MP: 4/4
  1231 | D:2      | Noticed Ijyb
  1235 | D:2      | Noticed Sigmund
  1248 | D:2      | Killed Ijyb
  1248 | D:2      | Reached XP level 5. HP: 40/41 MP: 5/5
  1253 | D:2      | Killed Sigmund
  1253 | D:2      | Reached skill level 6 in Maces & Flails
  1253 | D:2      | Reached XP level 6. HP: 46/47 MP: 6/6
  1306 | D:2      | Gained mutation: Your natural rate of healing is unusually fast. [potion of beneficial mutation]
  1566 | D:2      | Found a burning altar of Makhleb.
  1629 | D:2      | Found an iron altar of Okawaru.
  2278 | D:3      | Reached XP level 7. HP: 30/52 MP: 7/7
  2282 | D:3      | Reached skill level 7 in Maces & Flails
  2480 | D:4      | Found an opulent altar of Gozag.
  3084 | D:4      | Found a sacrificial altar of Ru.
  3100 | D:4      | Found a hide-covered altar of Uskayaw.
  3181 | D:5      | Entered Level 5 of the Dungeon
  3188 | D:5      | Found Mozeaj's Weapon Emporium.
  3310 | D:5      | Reached skill level 8 in Maces & Flails
  3439 | D:5      | Reached XP level 8. HP: 58/58 MP: 8/8
  3520 | D:5      | Reached skill level 9 in Maces & Flails
  3850 | D:5      | Reached skill level 1 in Evocations
  3887 | D:5      | Reached skill level 10 in Maces & Flails
  4146 | D:5      | Reached XP level 9. HP: 64/64 MP: 10/10
  4280 | D:6      | Found a sparkling altar of Nemelex Xobeh.
  4281 | D:6      | Found a staircase to the Ecumenical Temple.
  4304 | Temple   | Entered the Ecumenical Temple
  4509 | D:2      | Became a worshipper of Warmaster Okawaru
  4803 | D:6      | Reached skill level 1 in Invocations
  4932 | D:6      | Found a glowing silver altar of Zin.
  4959 | D:6      | Found a shimmering altar of Xom.
  5006 | D:6      | Reached skill level 11 in Maces & Flails
  5121 | D:6      | Reached * piety under Okawaru
  5442 | D:7      | Reached ** piety under Okawaru
  5517 | D:7      | Reached XP level 10. HP: 60/70 MP: 4/13
  5599 | D:7      | Found a shattered altar of Ashenzari.
  5682 | D:7      | You fall through a shaft!
  5705 | D:8      | Reached skill level 5 in Invocations
  5753 | D:8      | Reached skill level 12 in Maces & Flails
  5821 | D:8      | Found a deep blue altar of Sif Muna.
  5918 | D:8      | Identified Sif Muna's Collected Works on Flight
  5947 | D:8      | Noticed Prince Ribbit
  5967 | D:8      | Killed Prince Ribbit
  6016 | D:8      | Found a stormy altar of Qazlal.
  6136 | D:8      | Found a faded altar of an unknown god.
  6136 | D:8      | Found a blossoming altar of Fedhas.
  6142 | D:8      | Found a faded altar of an unknown god.
  6144 | D:8      | Found a faded altar of an unknown god.
  6146 | D:8      | Found a faded altar of an unknown god.
  6227 | D:8      | Noticed Grum
  6246 | D:8      | Reached *** piety under Okawaru
  6260 | D:8      | Killed Grum
  6385 | D:9      | Noticed Joseph
  6454 | D:9      | Noticed an orange crystal statue
  6517 | D:9      | Killed Joseph
  6718 | D:9      | Reached skill level 13 in Maces & Flails
  6773 | D:9      | Noticed Erolcha
  6788 | D:9      | Killed Erolcha
  6788 | D:9      | Received a gift from Okawaru
  6788 | D:9      | Reached **** piety under Okawaru
  6957 | D:9      | Reached XP level 11. HP: 56/75 MP: 5/16
  7563 | D:10     | Entered Level 10 of the Dungeon
  7774 | D:10     | Found a staircase to the Orcish Mines.
  8043 | D:10     | Reached skill level 14 in Maces & Flails
  8197 | D:10     | Found a roughly hewn altar of Beogh.
  8314 | D:10     | Found Uxody's Weapon Boutique.
  8444 | D:10     | Reached skill level 1 in Dodging
  8961 | D:11     | Reached ***** piety under Okawaru
  8968 | D:11     | Found a staircase to the Lair.
  8968 | D:11     | Noticed a death yak
  9016 | D:11     | You fall through a shaft for 2 floors!
  9139 | D:13     | Reached skill level 5 in Fighting
  9288 | D:13     | Noticed a manticore
  9308 | D:13     | Killed a manticore
  9579 | D:11     | Noticed Azzok's ghost (journeyman GrBe)
  9639 | D:11     | Killed Azzok's ghost
  9639 | D:11     | Reached skill level 5 in Armour
  9708 | D:11     | Noticed a brown ugly thing
  9729 | D:11     | Killed a brown ugly thing
  9729 | D:11     | Received a gift from Okawaru
  9729 | D:11     | Reached XP level 12. HP: 71/89 MP: 3/18
  9786 | D:11     | Noticed a frost giant
  9786 | D:11     | Noticed a vampire knight
  9787 | D:11     | Noticed an ettin
  9795 | D:11     | Noticed a death knight
  9795 | D:11     | You fall through a shaft for 3 floors!
 10028 | D:11     | Killed a death yak
 10028 | D:11     | Received a gift from Okawaru
 10278 | D:11     | Noticed a five-headed hydra
 10299 | D:11     | Killed a five-headed hydra
 10712 | D:11     | Killed a death knight
 10782 | D:11     | Reached skill level 5 in Dodging
 10824 | D:11     | Received a gift from Okawaru
 11077 | D:10     | Killed an ettin
 11077 | D:10     | Reached skill level 10 in Fighting
 11146 | D:10     | Reached XP level 13. HP: 70/103 MP: 17/19
 11551 | D:11     | Killed from afar by a frost giant

Skill      XL: |  1  2  3  4  5  6  7  8  9 10 11 12 |
---------------+-------------------------------------+-----
Maces & Flails | 3 4 6 8 10 11 13 14 | 14.0
Evocations     | 2 3 |  3.2
Invocations    | 4 7 8 |  8.6
Dodging        | 3 5 |  5.5
Fighting       | 6 10 | 10.5
Armour         | 5 7 |  7.8
Shields        | |  3.6

Action                   |  1- 3 |  4- 6 |  7- 9 | 10-12 | 13-15 || total
-------------------------+-------+-------+-------+-------+-------++-------
Melee: Flail             |    86 |    91 |   295 |       |       ||   472
       Mace              |       |       |    87 |   951 |       ||  1038
       Morningstar       |       |       |       |   220 |    49 ||   269
Invok: Heroism           |       |       |       |    18 |     2 ||    20
       Finesse           |       |       |       |     1 |       ||     1
 Abil: Dig               |     5 |     1 |     3 |    12 |     2 ||    23
       Shaft Self        |       |       |       |     2 |       ||     2
  Use: Scroll            |       |     7 |     3 |    11 |       ||    21
       Potion            |       |     2 |       |     6 |       ||     8
  Eat: Chunk             |       |     3 |    13 |    25 |     1 ||    42
Armor: Scale mail        |    30 |    34 |   114 |   336 |     9 ||   523
       Skin              |       |       |       |     8 |       ||     8
Dodge: Dodged            |    26 |    29 |    89 |   288 |     7 ||   439
Block: Shield            |    39 |    54 |   164 |   392 |    19 ||   668
